AoeStats
← Flying Kangaroo

Arena

506153686Analyzed
1v1 RM · 21d ago on Sep 12, 2026· 95m 20s· 2 players
Game mode
Random Map
Map size
Tiny (2 player)
Population
200
Speed
Normal
Resources
Standard
Victory
Conquest
Starting age
Dark Age
Ending age
Imperial Age
RankedLock teamsTeams togetherTeam positionsShared explorationLock speedFull tech treeHidden civsTurbo modeCheats
Victory
Defeat
🇹🇷 Muisca · Türkiye
717
+17
🇦🇹 Gurjaras · Austria
743
-17
cyberConqueror
8:58 Feudal Age
17:36 Castle Age
16:46 Double-Bit Axe
18:26 Bow Saw
20:31 Fervor
21:40 Wheelbarrow
23:47 Sanctity
29:22 Hand Cart
28:54 Loom
34:14 Ballistics
34:14 Fletching
35:59 Town Watch
35:58 Treadmill Crane
36:28 Masonry
36:04 Horse Collar
37:32 Redemption
41:26 Imperial Age
41:56 Atonement
41:56 Devotion
42:22 Block Printing
42:32 Illumination
42:43 Theocracy
41:33 Onager
42:45 Town Patrol
43:12 Faith
43:35 Bodkin Arrow
43:33 Capped Ram
44:35 Scale Mail Armor
45:11 Herbalism
45:16 Huaracas
45:32 Conscription
44:33 Elite Guecha Warrior
46:22 Hoardings
48:11 Two-Man Saw
47:01 Gold Mining
47:12 Heavy Plow
47:10 Gold Mining
47:23 Heavy Plow
47:14 Stone Mining
48:40 Crop Rotation
48:47 Gold Shaft Mining
47:38 Heavy Scorpion
49:16 Siege Engineers
50:07 Murder Holes
51:12 Chemistry
52:43 Gold Shaft Mining
52:43 Stone Shaft Mining
52:33 Chain Mail Armor
52:29 Forging
52:19 Bracer
52:20 Padded Archer Armor
66:03 Plate Mail Armor
66:08 Iron Casting
77:22 Elite Temple Guard
78:03 Squires
84:45 Leather Archer Armor
85:56 Onager
Flying Kangaroo
11:33 Feudal Age
13:05 Double-Bit Axe
15:49 Castle Age
18:52 Bow Saw
18:53 Horse Collar
23:23 Loom
24:13 Wheelbarrow
24:42 Gold Mining
24:43 Stone Mining
25:57 Hand Cart
30:30 Imperial Age
28:11 Padded Archer Armor
28:02 Fletching
28:25 Forging
28:16 Scale Mail Armor
31:58 Iron Casting
31:39 Chain Mail Armor
31:20 Bodkin Arrow
33:35 Leather Archer Armor
33:54 Elite Skirmisher
34:40 Thumb Ring
35:42 Plate Mail Armor
35:13 Bracer
35:34 Kshatriyas
37:06 Ballistics
37:47 Chemistry
36:27 Elite Chakram Thrower
37:38 Conscription
38:03 Hoardings
38:22 Heavy Plow
38:43 Masonry
38:30 Murder Holes
38:47 Fortified Wall
39:53 Heresy
42:32 Scale Barding Armor
43:10 Architecture
42:21 Treadmill Crane
42:36 Heated Shot
43:08 Redemption
42:59 Atonement
43:10 Fervor
43:21 Sanctity
43:02 Devotion
43:28 Illumination
43:39 Theocracy
43:00 Herbal Medicine
42:54 Town Watch
43:44 Crop Rotation
43:50 Coinage
43:21 Caravan
42:54 Man-at-Arms
43:20 Arson
42:58 Crossbowman
43:00 Elite Elephant Archer
44:39 Chain Barding Armor
44:00 Sappers
44:50 Frontier Guards
45:14 Gold Shaft Mining
45:18 Stone Shaft Mining
46:19 Plate Barding Armor
45:07 Long Swordsman
46:01 Town Patrol
45:59 Guard Tower
49:45 Keep
69:32 Two-Handed Swordsman
69:46 Two-Handed Swordsman
Connection lost

Rejoining the realm…

Still unreachable

The connection could not be restored.

Session expired

The server has moved on; the page needs a fresh start.